 Dungeon Crawl Stone Soup version 0.25-a0-566-g062765be81 (webtiles) character file.

Game seed: 2428020485279465829, levelgen mode: classic

10503 EnegeticOcto the Demolition Dwarf (level 11, -1/104 HPs)
             Began as a Deep Dwarf Fighter on Feb 27, 2020.
             Was an Elder of Makhleb.
             Slain by a troll (7 damage)
             ... while paralysed by an orc sorcerer
             ... on level 1 of the Orcish Mines.
             The game lasted 00:05:35 (7220 turns).

EnegeticOcto the Demolition Dwarf (DDFi)            Turns: 7220, Time: 00:05:36

Health: -1/104     AC: 16    Str: 24    XL:     11   Next: 37%
Magic:  12/12      EV:  2    Int:  8    God:    Makhleb [****..]
Gold:   474        SH:  0    Dex: 18    Spells: 10/10 levels left

rFire    + . .     SeeInvis +   p - +4 war axe (freeze) (curse)
rCold    . . .     Gourm    .   c - +0 kite shield
rNeg     . . .     Faith    .   b - +0 plate armour
rPois    +         Spirit   .   d - +1 helmet
rElec    .         Reflect  .   (no cloak)
rCorr    .         Harm     .   A - +0 pair of gloves
MR       +....     NoCast   +   y - +0 pair of boots of the Fifty Stars {-Cast Dex+4 SInv}
Stlth    ..........             (no amulet)
HPRegen  0.00/turn              f - ring of poison resistance
MPRegen  0.13/turn              C - ring of protection from fire

@: paralysed, non-regenerating, heavily drained
A: damage resistance, heal wounds, repulsion field 1, thin skeletal structure 1,
sense surroundings 2, no regeneration
a: Heal Wounds, Minor Destruction, Lesser Servant of Makhleb, Major Destruction,
Renounce Religion


You were on level 1 of the Orcish Mines.
You worshipped Makhleb.
Makhleb was greatly pleased with you.
You were hungry.

You visited 3 branches of the dungeon, and saw 12 of its levels.

You collected 645 gold pieces.
You spent 171 gold pieces at shops.

Inventory:

Hand Weapons
 p - a cursed +4 war axe of freezing (weapon)
Missiles
 G - a throwing net (quivered)
Armour
 b - a +0 plate armour (worn)
 c - a +0 kite shield (worn)
 d - a +1 helmet (worn)
 y - the +0 pair of boots of the Fifty Stars (worn) {-Cast Dex+4 SInv}
   (You bought it in a shop on level 4 of the Dungeon)

   It affects your dexterity (+4).
   It lets you see invisible.
   It prevents spellcasting.
   If you remove this armour, your AC will decrease by 1 (16 -> 15).
 A - a +0 pair of gloves (worn)
Jewellery
 f - a ring of poison resistance (left hand)
 s - an uncursed ring of protection from cold
 C - a ring of protection from fire (right hand)
Wands
 v - a wand of flame (13)
 w - a wand of paralysis (9)
 B - a wand of iceblast (8)
Scrolls
 a - a scroll of identify {@r1}
 g - 2 scrolls of remove curse {@r6}
 i - 5 scrolls of teleportation {@r2}
 l - a scroll of enchant armour
 z - a scroll of magic mapping {@r5}
 D - a scroll of immolation {@r4}
Potions
 h - a potion of brilliance {unknown}
 j - a potion of cancellation
 k - 2 potions of might {@q3}
 m - a potion of lignification {unknown}
 n - 2 potions of haste {@q4}
 o - a potion of heal wounds {unknown}
 q - 2 potions of flight
 r - 2 potions of curing {@q1}
 t - a potion of ambrosia {unknown}
 u - a potion of invisibility {unknown}
Comestibles
 e - 18 rations
 x - 5 chunks of flesh


   Skills:
 * Level 8.5(5.6) Fighting
 * Level 9.8(6.7) Axes
 + Level 7.5(4.6) Armour
 + Level 6.5(3.7) Dodging
 + Level 7.5(4.6) Shields
 * Level 10.2(7.1) Invocations


You had 10 spell levels left.
You didn't know any spells.
Your spell library was empty.

Dungeon Overview and Level Annotations

Branches:
Dungeon (10/15)            Temple (1/1) D:4             Orc (1/2) D:10
   Lair: D:8-11

Altars:
Ashenzari
Cheibriados
Dithmenos
Elyvilon
Fedhas
Gozag
Hepliaklqana
Kikubaaqudgha
Makhleb
Nemelex Xobeh
Okawaru
Qazlal
Ru
Sif Muna
Uskayaw
Vehumet
Xom
Zin
The Shining One

Shops:
D:4 [   D:9 [

Annotations:
D:2 exclusion: oklob plant
D:3 exclusion: door
D:6 Prince Ribbit


Innate Abilities, Weirdness & Mutations

You are resistant to damage.
You can heal yourself by infusing magical energy.
You passively map the area around you.
You do not regenerate.
You are surrounded by a mild repulsion field. (EV +2)
You have a somewhat thin skeletal structure. (Dex +2, Stealth)


Message History

An orc wizard is nearby!
An orc wizard is nearby!
An orc wizard is nearby!
An orc wizard is nearby! 2 orcs and an orc warrior come into view.
The orc warrior shouts!
The orc shouts!
The orc wizard shouts!
The orc shouts!
The orc warrior throws a boomerang.
The boomerang barely misses you.
The weapon returns to the orc warrior!
A troll comes into view.
The orc moves out of view.
A cyclops comes into view.
The cyclops shouts!
The troll shouts!
The orc warrior throws a boomerang.
The boomerang hits you but does no damage.
The weapon returns to the orc warrior!
Some of the chunks of flesh in your inventory have rotted away.
Your plate armour prevents you from hitting the orc sorcerer.
You slash the orc wizard! You freeze the orc wizard.
The orc sorcerer hits you but does no damage.
An ogre comes into view. It is wielding a +0 giant club.
The orc wizard looks braver for a moment.
The ogre shouts!
You slice the orc wizard!! You freeze the orc wizard.
You kill the orc wizard!
Makhleb accepts your kill.
You feel better.
You hit the orc sorcerer. You freeze the orc sorcerer.
The orc sorcerer casts a spell at you. The bolt of negative energy hits you!!
You feel drained.
You slash the orc sorcerer! You freeze the orc sorcerer.
The orc sorcerer is heavily wounded.
You hit the troll. You freeze the troll. You block the troll's attack. x2
The troll claws you but does no damage.
The orc sorcerer gestures at you while chanting.
The bolt of negative energy hits you!
You feel drained.
Your plate armour prevents you from hitting the orc sorcerer.
The orc sorcerer is heavily wounded.
You hit the troll. You freeze the troll.
The troll bites you but does no damage.
The troll claws you but does no damage. x2
The orc sorcerer hits you but does no damage.
You slash the orc sorcerer! You freeze the orc sorcerer.
The orc sorcerer is almost dead.
You hit the troll. You freeze the troll. The troll bites you.
The troll closely misses you. The troll claws you.
The orc sorcerer hits you but does no damage.
You block the troll's attack. x3
You are feeling hungry.
You closely miss the orc sorcerer.
The orc sorcerer is almost dead.
You hit the troll. You freeze the troll. The orc sorcerer casts a spell at you.
The bolt of negative energy hits you!!!
You feel drained. The troll bites you. The troll closely misses you. x2
The orc sorcerer gestures at you while chanting.
The bolt of fire hits you! You resist.
* * * LOW HITPOINT WARNING * * *
You are too injured to fight recklessly!
You are too injured to fight recklessly!
You are too injured to fight recklessly!
You are too injured to fight recklessly!
You are too injured to fight recklessly!
You are too injured to fight recklessly!
You are too injured to fight recklessly!
You are too injured to fight recklessly!
You are too injured to fight recklessly!
You are too injured to fight recklessly!
You are too injured to fight recklessly!
You are too injured to fight recklessly!
You are too injured to fight recklessly!
You feel much better. The troll bites you but does no damage.
The troll claws you!
* * * LOW HITPOINT WARNING * * *
You block the troll's attack.
The orc sorcerer gestures wildly while chanting.
You feel much better. You block the troll's attack. The troll claws you.
The troll claws you! The orc sorcerer casts a spell at you.
You suddenly lose the ability to move!
The troll bites you!
* * * LOW HITPOINT WARNING * * *
The troll claws you but does no damage. x2
The orc sorcerer gestures at you while chanting.
The bolt of negative energy hits you.
You feel drained.
* * * LOW HITPOINT WARNING * * *
The troll bites you!
* * * LOW HITPOINT WARNING * * *
The troll claws you but does no damage. x2
The orc sorcerer hits you with a +0 dagger.
* * * LOW HITPOINT WARNING * * *
The troll bites you but does no damage. The troll claws you but does no damage.
The troll claws you.
* * * LOW HITPOINT WARNING * * *
The orc sorcerer hits you but does no damage.
The troll bites you.
* * * LOW HITPOINT WARNING * * *
The troll claws you but does no damage. x2
The orc sorcerer casts a spell at you. The bolt of negative energy hits you!
You feel drained.
* * * LOW HITPOINT WARNING * * *
The troll bites you but does no damage. The troll claws you!
You die...

, ,, ##...#..#..#... .#
, #...#.....###.. *,..#
, ##.........#..# * #...
######....##...## .#..#
##.#.###.####..##
#....##.....#....##...#
,
.....3o,#..#..#..###.##
, **
.###.OT###...###...### ,
*....Coo@...#..#....## ,
*#....##....##.......###
* , #..
*#..#####..#.....# , # *
#### ##....#....## ***
###.....#..#...
#....##....#...
###.....#..#...
##...###..... ##..#
#..##.


You could see a cyclops, a troll, a smoke demon, an orc sorcerer, an orc
warrior, an ogre and an orc.

Vanquished Creatures
  An orc warlord (Orc:1)
  2 two-headed ogres
  Pikel (D:5)
  A cyclops (Orc:1)
  A komodo dragon (D:8)
  4 trolls (Orc:1)
  2 hippogriffs
  Grinder (D:6)
  A wraith (D:10)
  A vampire (D:9)
  Eustachio (D:6)
  4 wargs (Orc:1)
  An ice beast (D:10)
  A sky beast (D:9)
  8 orc warriors
  A phantom (D:9)
  5 ogres
  2 black bears (D:10)
  2 necrophages
  4 centaurs
  Blork the orc (D:5)
  3 bullfrogs
  4 scorpions
  A wyvern skeleton (D:9)
  3 killer bees (D:8)
  7 wights
  5 howler monkeys
  2 centaur zombies
  2 crimson imps
  5 hounds
  2 orc priests
  2 bullfrog skeletons
  3 jellies
  A centaur skeleton (D:8)
  5 iguanas
  10 orc wizards
  7 worker ants
  A hound skeleton (D:4)
  5 gnolls
  8 adders
  3 shadow imps
  10 oozes
  An adder zombie (D:5)
  2 worms (D:5)
  A dart slug (D:2)
  5 leopard geckos
  31 orcs
  8 bats
  6 giant cockroaches
  4 hobgoblins
  9 jackals
  2 quokkas
  4 frilled lizards
  6 goblins
  11 kobolds
  A leopard gecko skeleton (D:4)
  A quokka skeleton (D:4)
  7 rats
233 creatures vanquished.

Vanquished Creatures (others)
  A fungus (D:3)
  7 toadstools (D:3)
8 creatures vanquished.

Grand Total: 241 creatures vanquished

Notes
Turn   | Place    | Note
-------+----------+-------------------------------------------
     0 | D:1      | EnegeticOcto the Deep Dwarf Fighter began the quest for the
                  | Orb.
     0 | D:1      | Reached XP level 1. HP: 20/20 MP: 1/1
   118 | D:1      | Reached XP level 2. HP: 25/27 MP: 2/2
   371 | D:2      | Reached XP level 3. HP: 29/34 MP: 3/3
   553 | D:2      | Found a blossoming altar of Fedhas.
   568 | D:2      | Noticed an oklob plant
   627 | D:2      | Reached skill level 1 in Dodging
   667 | D:2      | Reached XP level 4. HP: 19/42 MP: 4/4
   843 | D:3      | Noticed an ogre
   856 | D:3      | Killed an ogre
   856 | D:3      | Reached XP level 5. HP: 50/50 MP: 3/3
   940 | D:3      | Found an opulent altar of Gozag.
   949 | D:3      | Found a shimmering blue altar of Sif Muna.
  1051 | D:3      | Reached XP level 6. HP: 44/57 MP: 4/4
  1276 | D:4      | Found a staircase to the Ecumenical Temple.
  1310 | Temple   | Entered the Ecumenical Temple
  1392 | Temple   | Became a worshipper of Makhleb the Destroyer
  1498 | D:4      | Found a hide-covered altar of Uskayaw.
  1521 | D:4      | Found Tuz Lyi's Armour Emporium.
  1822 | D:4      | Reached skill level 1 in Invocations
  1987 | D:4      | Reached XP level 7. HP: 51/66 MP: 4/6
  2230 | D:5      | Entered Level 5 of the Dungeon
  2350 | D:5      | Reached * piety under Makhleb
  2350 | D:5      | Reached skill level 5 in Axes
  2350 | D:5      | Reached skill level 2 in Invocations
  2431 | D:5      | Noticed Blork the orc
  2437 | D:5      | Killed Blork the orc
  2454 | D:5      | Reached skill level 3 in Invocations
  2578 | D:5      | Found a glowing silver altar of Zin.
  2679 | D:5      | Reached skill level 5 in Fighting
  2852 | D:5      | Found a shimmering altar of Xom.
  2975 | D:5      | Noticed Pikel
  2979 | D:5      | Reached XP level 8. HP: 60/74 MP: 7/7
  2987 | D:5      | Killed Pikel
  2987 | D:5      | Reached skill level 5 in Armour
  2987 | D:5      | Reached skill level 5 in Shields
  2987 | D:5      | Reached skill level 4 in Invocations
  3149 | D:6      | Found a shattered altar of Ashenzari.
  3181 | D:6      | Noticed Grinder
  3184 | D:6      | Paralysed by Grinder for 3 turns
  3197 | D:6      | Paralysed by Grinder for 6 turns
  3235 | D:6      | Killed Grinder
  3235 | D:6      | Reached skill level 5 in Invocations
  3358 | D:6      | Identified the +1 scale mail of Death's Door {rC+ MR+ MP+9}
                  | (You found it on level 6 of the Dungeon)
  3454 | D:6      | Reached ** piety under Makhleb
  3528 | D:6      | Noticed Prince Ribbit
  3564 | D:6      | Noticed Eustachio
  3578 | D:6      | Killed Eustachio
  3578 | D:6      | Gained mutation: You passively map the area around you.
                  | [Deep Dwarf growth]
  3578 | D:6      | Reached XP level 9. HP: 69/82 MP: 8/8
  3935 | D:7      | Reached skill level 6 in Invocations
  3998 | D:7      | Found a radiant altar of Vehumet.
  4000 | D:7      | Found a sparkling altar of Nemelex Xobeh.
  4741 | D:8      | Found an iron altar of Okawaru.
  5193 | D:8      | Noticed a komodo dragon
  5209 | D:8      | Killed a komodo dragon
  5209 | D:8      | Reached skill level 7 in Invocations
  5520 | D:9      | Reached skill level 5 in Dodging
  5691 | D:4      | Bought the +0 pair of boots of the Fifty Stars {-Cast Dex+4
                  | SInv} for 171 gold pieces
  5886 | D:9      | Reached *** piety under Makhleb
  5886 | D:9      | Reached XP level 10. HP: 94/94 MP: 10/10
  5977 | D:9      | Noticed a two-headed ogre
  5987 | D:9      | Killed a two-headed ogre
  5987 | D:9      | Reached skill level 8 in Invocations
  6148 | D:9      | Found a hazy altar of Hepliaklqana.
  6241 | D:9      | Found Rukisil's Armour Shop.
  6409 | D:10     | Entered Level 10 of the Dungeon
  6493 | D:10     | Gained mutation: You have a somewhat thin skeletal
                  | structure. (Dex +2, Stealth) [potion of mutation]
  6493 | D:10     | Gained mutation: You are surrounded by a mild repulsion
                  | field. (EV +2) [potion of mutation]
  6625 | D:10     | Found a staircase to the Orcish Mines.
  6706 | D:10     | Noticed a two-headed ogre
  6709 | D:10     | Killed a two-headed ogre
  6709 | D:10     | Reached skill level 9 in Invocations
  6840 | Orc:1    | Entered Level 1 of the Orcish Mines
  6913 | Orc:1    | Noticed a cyclops
  6933 | Orc:1    | Reached XP level 11. HP: 94/103 MP: 12/12
  6935 | Orc:1    | Reached **** piety under Makhleb
  6954 | Orc:1    | Noticed an orc warlord
  6978 | Orc:1    | Killed an orc warlord
  6978 | Orc:1    | Reached skill level 10 in Invocations
  7204 | Orc:1    | Noticed an orc sorcerer
  7215 | Orc:1    | Paralysed by an orc sorcerer for 6 turns
  7220 | Orc:1    | Slain by a troll

Levels and vault maps discovered:
D:1:      elethiomel_arrival_fortress_basement, layout_loops_ring
D:2:      layout_loops_ring, tgw_fedhas
D:3:      cheibrodos_fertilizer, layout_loops_cross, lemuel_crystal_altar,
          bloody_trog, led_sif_book, old_standard_altar, first_ration,
          kennysheep_generic_room_16
D:4:      wad_lake_hut, layout_basic, overflow_temple_1_default,
          minmay_temple_entry_butterflies, serial_shops, shop,
          cheibrodos_gnoll_hut
D:5:      layout_basic, kennysheep_mini_moat, marbit_many_paths,
          grunt_ministairs_5, uniq_blork_the_orc, uniq_pikel
D:6:      layout_gridville, nicolae_overflow_crystal_walls, uniq_grinder,
          uniq_eustachio, uniq_prince_ribbit1
D:7:      layout_basic, chequers_temple_overflow_statue_of_worship,
          grunt_ministairs_4
D:8:      layout_loops_corners, okawaru_gym_becter
D:9:      minmay_razor_zed, layout_loops_ring, lemuel_round_altar, serial_shops,
          shop
D:10:     layout_rooms, grunt_ogre_cave
Temple:   grunt_temple_mini_profane
Orc:1:    layout_diamond_mine, rock_pile

Skill      XL: |  1  2  3  4  5  6  7  8  9 10 11 |
---------------+----------------------------------+-----
Fighting       | 3 4 5 6 7 8 |  8.5
Dodging        | 1 2 3 4 5 6 |  6.5
Axes           | 3 4 5 6 8 9 |  9.8
Armour         | 4 5 6 7 |  7.5
Shields        | 4 5 6 7 |  7.5
Invocations    | 1 3 5 7 9 10 | 10.2

Action                   |  1- 3 |  4- 6 |  7- 9 | 10-12 || total
-------------------------+-------+-------+-------+-------++-------
Melee: War axe           |   113 |   181 |   429 |   248 ||   971
 Abil: Heal Wounds       |       |     7 |    13 |     5 ||    25
  Use: Scroll            |       |     5 |     7 |     4 ||    16
       Potion            |       |       |       |     1 ||     1
  Eat: Chunk             |       |     4 |    13 |     5 ||    22
Armor: Scale mail        |    38 |       |       |       ||    38
       Chain mail        |    29 |    95 |    86 |       ||   210
       Plate armour      |       |       |   110 |   122 ||   232
Dodge: Dodged            |    33 |    64 |   125 |    96 ||   318
Block: Kite shield       |    76 |   126 |   259 |   156 ||   617

Table legend:
 A = Non-vault XP
 B = Vault XP
 C = Vault XP percentage of total XP
 D = Non-vault monster count
 E = Vault monster count
 F = Vault count percentage of total count
                 A         B        C        D         E       F
            +---------+---------+-------+---------+---------+-------
      Total |   11193 |    3812 |  25.4 |     194 |      39 |  16.7
            +---------+---------+-------+---------+---------+-------
        D:1 |      25 |       2 |   7.4 |      18 |       1 |   5.3
        D:2 |      97 |       0 |   0.0 |      18 |       0 |   0.0
        D:3 |     154 |     158 |  50.6 |      14 |      19 |  57.6
        D:4 |     270 |      96 |  26.2 |      18 |       3 |  14.3
        D:5 |     476 |     802 |  62.8 |      26 |       3 |  10.3
        D:6 |     391 |     454 |  53.7 |      16 |       2 |  11.1
        D:7 |     558 |     150 |  21.2 |      11 |       2 |  15.4
        D:8 |     952 |       0 |   0.0 |      13 |       0 |   0.0
        D:9 |    1486 |    1268 |  46.0 |      21 |       8 |  27.6
       D:10 |    1447 |     882 |  37.9 |      14 |       1 |   6.7
      Orc:1 |    5337 |       0 |   0.0 |      25 |       0 |   0.0
            +---------+---------+-------+---------+---------+-------
